 Dungeon Crawl Stone Soup version 0.28-a0-925-gd5e1996cdb (webtiles) character file.

Game seed: 11633717055648673163

71 dolemite99 the Digger (level 4, -1/26 HPs)
             Began as a Gargoyle Earth Elementalist on Nov 27, 2021.
             Slain by an ogre (27 damage)
             ... on level 4 of the Dungeon.
             The game lasted 00:03:36 (3276 turns).

dolemite99 the Digger (Gargoyle Earth Elementalist) Turns: 3276, Time: 00:03:36

Health: -1/26      AC:  6    Str: 12    XL:     4   Next: 24%
Magic:  5/7        EV: 11    Int: 16    God:
Gold:   101        SH:  0    Dex: 10    Spells: 6/7 levels left

rFire   . . .      SeeInvis .   p - +0 spear
rCold   . . .      Faith    .   (no shield)
rNeg    + + .      Spirit   .   b - +0 robe
rPois   ∞          Reflect  .   r - +0 helmet
rElec   +          Harm     .   (no cloak)
rCorr   .          Rampage  .   (no gloves)
Will    .....                   (no boots)
Stlth   ++........              (no amulet)
HPRegen 0.08/turn               g - ring of positive energy
MPRegen 0.10/turn               (no ring)

@: no status effects
A: sickness immunity, AC +3, negative energy resistance 1, electricity
resistance, torment resistance 1, petrification resistance
a: no special abilities


You were on level 4 of the Dungeon.
You visited 1 branch of the dungeon, and saw 4 of its levels.

You collected 101 gold pieces.

Inventory:

Hand Weapons
 h - a +0 club
 i - a +0 dagger
 j - a +0 dagger
 n - a +0 dagger
 p - a +0 spear (weapon)
Missiles
 c - 57 stones
 e - 20 bolts
 m - 31 sling bullets
 v - 5 javelins (quivered)
 w - 17 poisoned darts
Armour
 b - a +0 robe (worn)
 l - a +0 buckler
 r - a +0 helmet (worn)
 x - a +0 leather armour
Magical Staves
 s - a staff of air
Jewellery
 g - a ring of positive energy (left hand)
 t - a ring of ice
Scrolls
 a - a scroll of fear {unknown}
 f - 2 scrolls of teleportation {unknown}
 k - 2 scrolls of noise {unknown}
 o - 2 scrolls of identify {unknown}
 q - a scroll of enchant armour {unknown}
Potions
 d - a potion of mutation {unknown}
 u - a potion of lignification {unknown}


   Skills:
 + Level 2.1 Fighting
 - Level 1.5 Dodging
 - Level 2.1 Stealth
 - Level 2.0 Spellcasting
 - Level 0.7 Transmutations
 * Level 5.3 Earth Magic


You had 6 spell levels left.
You knew the following spells:

 Your Spells              Type           Power      Damage    Failure   Level
a - Sandblast             Erth           36%        2d10      2%          1

Your spell library contained the following spells:

 Spells                   Type           Power      Damage    Failure   Level
 Passwall                 Tmut/Erth      9%         N/A       9%          2
 Stone Arrow              Conj/Erth      20%        3d8       21%         3
 Ensorcelled Hibernation  Hex/Ice        2%         N/A       30%         2
 Tukima's Dance           Hex            1%         N/A       52%         3
 Petrify                  Tmut/Erth      11%        N/A       52%         4


Dungeon Overview and Level Annotations

Branches:
Dungeon (4/15)
 Temple: D:4-7

Altars:

Annotations:
D:2 exclusion: downstairs
D:3 Sigmund


Innate Abilities, Weirdness & Mutations

You are immune to sickness and miasma.
Your stone body is resilient. (AC +3)
You are immune to poison.
You resist negative energy. (rN+)
You are resistant to electric shocks. (rElec)
You are resistant to unholy torment.
You are immune to petrification.


Message History

c - 34 stones You start resting.
Magic restored.
You start waiting.
Done waiting.
You start waiting.
Done waiting.
c - 37 stones (gained 3)
Things that are here:
a +0 club; a kobold skeleton
c - 59 stones (gained 22)
You see here a +0 dagger.
o - 2 scrolls labelled WESOCA PIORGHO (gained 1)
A jelly comes into view.
An ogre comes into view. It is wielding a +0 giant spiked club.
Found a whip.
The ogre shouts!
The jelly quivers.
The ogre moves out of view.
An endoplasm comes into view.
A jelly comes into view.
Casting: Sandblast (safe; 2% risk of failure)
Confirm with . or Enter, or press ? or * to list all spells.
Aiming: Sandblast (safe; 2% risk of failure)
Press: ? - help, Shift-Dir - straight line, f - ogre
Aim: an ogre, wielding a +0 giant spiked club (90% to hit)
The blast of sand hits the ogre!
The ogre is moderately wounded.
c - 58 stones The jelly quivers.
Casting: Sandblast (safe; 2% risk of failure)
Confirm with . or Enter, or press ? or * to list all spells.
Aiming: Sandblast (safe; 2% risk of failure)
Press: ? - help, Shift-Dir - straight line, f/p - ogre
Aim: an ogre, wielding a +0 giant spiked club (moderately wounded, 90% to hit)
The blast of sand hits the ogre!
The ogre is almost dead.
c - 57 stones The ogre hits you with a +0 giant spiked club!!
Ouch! That really hurt!
You die...

#####...##### #..
###.....##...
#)###....## ##
#..###..... ...
##......... #..
##.....### #..
###.....#
#..####.......#
##..@.........#
#....O.#......#
####...####J#......#
...(.#####...........
.........J..##......##
......#....###.......#
.........#.# ######...
.......J##..# ..
.......J.##.#


You could see an ogre and a jelly.

Vanquished Creatures
  An adder (D:2)
  3 dart slugs
  6 ball pythons
  7 bats
  6 endoplasms
  3 giant cockroaches
  4 goblins
  5 hobgoblins
  5 kobolds
  2 quokkas (D:1)
  A frilled lizard (D:1)
  5 rats
48 creatures vanquished.

Notes
Turn   | Place    | Note
-------+----------+-------------------------------------------
     0 | D:1      | dolemite99 the Gargoyle Earth Elementalist began the quest
                  | for the Orb.
     0 | D:1      | Reached XP level 1. HP: 10/10 MP: 3/3
   187 | D:1      | Reached skill level 4 in Earth Magic
   214 | D:1      | Reached XP level 2. HP: 16/16 MP: 3/5
   312 | D:1      | Reached skill level 1 in Fighting
   897 | D:1      | Reached XP level 3. HP: 20/20 MP: 3/6
  1694 | D:2      | Reached skill level 5 in Earth Magic
  2371 | D:2      | Reached XP level 4. HP: 26/26 MP: 5/7
  2878 | D:3      | Noticed Sigmund
  3267 | D:4      | Noticed an ogre
  3276 | D:4      | Slain by an ogre

Illustrated notes

Levels and vault maps discovered:
D:1:      eino_arrival_water_star, layout_loops_ring, kennysheep_flooded_box,
          minmay_misc_feat_roman
D:2:      layout_basic, chequers_serial_rivers_small_b, minmay_stone_trees_large
D:3:      layout_basic, hex_medium, uniq_sigmund
D:4:      layout_rooms

Skill      XL: |  1  2  3  4 |
---------------+-------------+-----
Earth Magic    | 4 5 |  5.3
Fighting       | 1 2 |  2.1
Dodging        | |  1.5
Stealth        | |  2.1
Spellcasting   | |  2.0
Transmutations | |  0.7

Action                   |  1- 3 |  4- 6 || total
-------------------------+-------+-------++-------
Melee: Dagger            |     8 |       ||     8
Throw: Javelin           |       |     5 ||     5
 Cast: Sandblast         |    55 |    11 ||    66
Armor: Robe              |     8 |     1 ||     9
Dodge: Dodged            |    13 |     2 ||    15

Table legend: (Time is in decaauts)
 A = Elapsed time spent in this place.
 B = Non-inter-level travel time spent in this place.
 C = Inter-level travel time spent in this place.
 D = Time resting spent in this place.
 E = Time spent auto-exploring this place.
 F = Levels seen in this place.
 G = Mean time per level.
                   A        B        C        D        E       F      G
               +--------+--------+--------+--------+--------+-----+--------+
         Total |   3279 |   3184 |     95 |    911 |   1851 |   4 |  819.8 |
       Dungeon |   3279 |   3184 |     95 |    911 |   1851 |   4 |  819.8 |
               +--------+--------+--------+--------+--------+-----+--------+

Top non-repeatable levels by time:
     D:2: 1511 daAuts
     D:1: 1219 daAuts
     D:4: 319 daAuts
     D:3: 228 daAuts
